AoeStats
← MatCool

Glade

510367936Analyzed
1v1 RM · 16h ago on Sep 30, 2026· 31m 55s· 2 players
Game mode
Random Map
Map size
Tiny (2 player)
Population
200
Speed
Normal
Resources
Standard
Victory
Conquest
Starting age
Dark Age
Ending age
Imperial Age
RankedLock teamsTeams togetherTeam positionsShared explorationLock speedFull tech treeHidden civsTurbo modeCheats
Victory
Defeat
🇵🇾 Malians · Paraguay
753
+17
🇮🇹 Franks · Italy
782
-17
MatCool
10:43 Feudal Age
8:59 Loom
11:43 Double-Bit Axe
19:08 Castle Age
16:53 Horse Collar
18:17 Forging
18:11 Scale Mail Armor
18:40 Stone Mining
20:58 Squires
23:06 Pikeman
27:13 Town Watch
28:20 Wheelbarrow
29:16 Bow Saw
29:31 Heavy Plow
31:33 Gold Mining
VictorMain
6:26 Loom
9:15 Feudal Age
13:21 Double-Bit Axe
16:21 Double-Bit Axe
18:54 Castle Age
17:15 Forging
19:55 Husbandry
20:05 Scale Barding Armor
22:28 Wheelbarrow
22:35 Town Watch
26:41 Bow Saw
26:35 Gold Mining
27:54 Scale Mail Armor
30:08 Hand Cart
Connection lost

Rejoining the realm…

Still unreachable

The connection could not be restored.

Session expired

The server has moved on; the page needs a fresh start.